 Dungeon Crawl Stone Soup version 0.30.1-11-g7821555f0a (webtiles) character file.

Game seed: 11479942389208734161

5651 tychotesla the Zephyrmancer (level 10, 0/56 HPs)
             Began as an Octopode Air Elementalist on Nov 4, 2023.
             Was a Priest of Ashenzari.
             Slain by a +1 mace of chaos (3 damage)
             ... on level 7 of the Dungeon.
             The game lasted 01:00:59 (10903 turns).

tychotesla the Zephyrmancer (OpAE)                 Turns: 10903, Time: 01:01:00

Health: 0/56       AC:  5    Str:  8    XL:     10   Next: 74%
Magic:  17/22      EV: 16    Int: 21    God:    Ashenzari [***...]
Gold:   542        SH:  0    Dex: 13    Spells: 16/26 levels left

rFire   . . .        j - +0 dagger "Unveiling Portent" {venom, Fort, Evo} (curse)
rCold   . . .        M - orb "Circumscribed With Me" {*channel, Fort, Elem} (curse)
rNeg    . . .        (helmet restricted)
rPois   +            D - amulet "Augurer of Ashenzari" {RegenMP, Comp, Evo} (curse)
rElec   .            c - ring of poison resistance
rCorr   +            q - ring of Ashenzari's Blue Moon {rCorr, Comp, Fort} (curse)
SInv    +            p - ring "Shackled Sybil" {Will+, Range, Alch} (curse)
Will    +....        C - ring of Supernal Understanding {AC+4, Cun, Evo} (curse)
Stlth   +++++        (no ring)
HPRegen 0.29/turn    (no ring)
MPRegen 0.58/turn    (no ring)
                     (no ring)

%: clarity, channel magic (20%)
@: lethally poisoned (0 -> -6), swift, very quick
A: almost no armour, amphibious, 8 rings, camouflage 1, gelatinous body 1,
(nimble swimmer 1), tentacles
a: Renounce Religion, Shatter the Chains


You were on level 7 of the Dungeon.
You worshipped Ashenzari.
Ashenzari was most pleased with you.
You visited 1 branch of the dungeon, and saw 10 of its levels.

You collected 542 gold pieces.

Inventory:

Hand Weapons
 j - the cursed +0 dagger "Unveiling Portent" (weapon) {venom, Fort, Evo}
   (You took it off a goblin on level 1 of the Dungeon)

   It has a curse which improves the following skills: Fortitude: Shields.
   Evocations: Evocations.
 A - a +0 whip of freezing
Missiles
 g - 6 poisoned darts
Armour
 M - the cursed orb "Circumscribed With Me" (worn) {*channel, Fort, Elem}
   (You found it on level 5 of the Dungeon)

   It has a curse which improves the following skills: Fortitude: Shields.
   Elements:  Fire Magic, Ice Magic, Air Magic and Earth Magic.
Magical Staves
 J - a staff of cold
Jewellery
 c - a ring of poison resistance (left tentacle)
 p - the cursed ring "Shackled Sybil" (on tentacle) {Will+, Range, Alch}
   (You found it on level 2 of the Dungeon)

   [ring of willpower]

   Will:      It increases your willpower.
   It has a curse which improves the following skills: Ranged Combat: Ranged
   Weapons and Throwing.
   Alchemy:   Poison Magic and Transmutations.
 q - the cursed ring of Ashenzari's Blue Moon (right tentacle) {rCorr, Comp, Fort}
   (You found it on level 2 of the Dungeon)

   [ring of resist corrosion]

   rCorr:     It protects you from acid and corrosion.
   It has a curse which improves the following skills: Companions: Summonings
   and Necromancy.
   Fortitude: Shields.
 y - a ring of ice
 B - a ring of poison resistance
 C - the cursed ring of Supernal Understanding (on tentacle) {AC+4, Cun, Evo}
   (You found it on level 5 of the Dungeon)

   [ring of protection]

   AC:        It affects your AC (+4).
   It has a curse which improves the following skills: Cunning: Dodging and
   Stealth.
   Evocations: Evocations.
 D - the cursed amulet "Augurer of Ashenzari" (around mantle) {RegenMP, Comp, Evo}
   (You found it on level 6 of the Dungeon)

   [amulet of magic regeneration]

   It increases your rate of magic regeneration.
   It has a curse which improves the following skills: Companions: Summonings
   and Necromancy.
   Evocations: Evocations.
 N - a ring of fire
Wands
 n - a wand of roots (26)
 E - a wand of digging (7)
 G - a wand of charming (10)
 H - a wand of mindburst (7)
 K - a wand of polymorph (3)
Scrolls
 b - 6 scrolls of poison
 d - 4 scrolls of amnesia
 f - 11 scrolls of identify
 i - 4 scrolls of blinking
 m - a scroll of fear
 o - 3 scrolls of magic mapping
 r - a scroll of acquirement
 v - 3 scrolls of teleportation
 x - a scroll of enchant weapon
 F - 2 scrolls of fog
 L - a scroll of brand weapon
Potions
 a - 3 potions of magic
 e - 3 potions of attraction
 h - 2 potions of ambrosia
 k - 4 potions of heal wounds
 l - a potion of flight
 s - a potion of lignification
 t - a potion of berserk rage
 u - 8 potions of curing
 w - a potion of invisibility
 z - 2 potions of might
 I - 2 potions of haste


   Skills:
 - Level 6.0(7.5) Dodging
 - Level 6.0(7.5) Stealth
 + Level 8.9 Spellcasting
 - Level 4.4 Conjurations
 + Level 9.9(11.4) Air Magic
 - Level 1.6(3.6) Evocations


You had 16 spell levels left.
You knew the following spells:

 Your Spells              Type           Power      Damage    Failure   Level
a - Shock                 Conj/Air       100%       1d9       2%          1
b - Static Discharge      Conj/Air       84%        2-6/arc   3%          2
c - Airstrike             Air            27%        2d(4-20)  4%          4
d - Swiftness             Air            55%        N/A       2%          3

Your spell library contained the following spells:

 Spells                   Type           Power      Damage    Failure   Level
 Kiss of Death            Conj/Necr      76%        2d11      10%         1
 Sublimation of Blood     Necr           10%        N/A       24%         2
 Wereblood                Tmut           10%        N/A       24%         2
 Ozocubu's Armour         Ice            10%        N/A       41%         3
 Confusing Touch          Hex            9%         N/A       43%         3
 Tukima's Dance           Hex            9%         N/A       43%         3
 Dispel Undead            Necr           10%        3d9       75%         4
 Anguish                  Hex/Necr       4%         N/A       77%         4
 Cause Fear               Hex            4%         N/A       78%         4
 Passage of Golubria      Tloc           9%         N/A       78%         4
 Yara's Violent Unravell  Hex/Tmut       4%         3d4       97%         5
 Enfeeble                 Hex            4%         N/A       100%        7
 Ozocubu's Refrigeration  Ice            5%         4d8       100%        7
 Summon Hydra             Summ           5%         N/A       100%        7


Dungeon Overview and Level Annotations

Branches:
Dungeon (10/15)            Temple (0/1) D:6            Lair (0/5) D:9
    Orc (0/2) D:10

Altars:
Ashenzari
Okawaru
Ru
Trog
Wu Jian
Xom
The Shining One

Shops:
D:6 [

Annotations:
D:6 1 exclusion
D:7 Kazon's ghost, novice HOFi


Innate Abilities, Weirdness & Mutations

You cannot wear most types of armour.
You are amphibious.
You can wear up to eight rings at the same time.
Your skin changes colour to match your surroundings (Stealth+).
Your rubbery body absorbs attacks. (AC +1, EV +1)
((You are camouflaged when in or above water. (Stealth+)))
You have tentacles for arms and can constrict up to eight enemies at once.


Message History

You see here a +0 shortbow.
There is a stone staircase leading down here.
You see here a +0 long sword.
Kazon's ghost turns its malevolent gaze towards you.
Kazon's ghost grins evilly.
Casting: Static Discharge (safe; 3% risk of failure)
Confirm with . or Enter, or press ? or * to list all spells.
You can't see any susceptible monsters within range! (Use Z to cast anyway.) Unknown command.
Unknown command.
Casting: Static Discharge (safe; 3% risk of failure)
Confirm with . or Enter, or press ? or * to list all spells.
You feel quick. Magical energy flows into your mind!
You open the door. The +1 mace of chaos hits you!
The +1 mace of chaos attacks as you move away!
The +1 mace of chaos hits you. The +1 mace of chaos burns you.
The +1 mace of chaos attacks as you move away!
The +1 mace of chaos hits you!!
Casting: Swiftness (dangerous; 2% risk of failure)
Confirm with . or Enter, or press ? or * to list all spells.
The air crackles with electrical energy.
The +1 mace of chaos hits you.
You are poisoned.
The +1 mace of chaos hits you!
* * * LOW HITPOINT WARNING * * *
The +1 mace of chaos burns you.
* * * LOW HITPOINT WARNING * * *
Casting: Static Discharge (safe; 3% risk of failure)
Confirm with . or Enter, or press ? or * to list all spells.
Aiming: Airstrike (dangerous; 4% risk of failure)
Press: ? - help, Dir - move target, f - +1 mace of chaos
Aim: a +1 mace of chaos (empty space bonus: 2/8)
The air twists around and strikes the +1 mace of chaos but does no damage.
* * * LOW HITPOINT WARNING * * *
You feel sick.
The +1 mace of chaos closely misses you.
The +1 mace of chaos hits you.
* * * LOW HITPOINT WARNING * * *
The +1 mace of chaos burns you.
You die...

#........##### ####
#............. ##
#..###.......##.... .#
##..#.##.##.####.... ##
#...W_.#.##.# #.... Z#
#...#[##.##.####.... ###
#### #...###.<.)^......#.
..###..#
#W#########.#####.##
_.#Z##.# #.(@........#
#.# ..###..##
####........# #.# ###
##..##### #.....)..# #.#
Z# #.......#
#........#####.# ##
#.......#
######.####....#
#.......# ##.# #.####
#.......#########..####.#
#.......#.).............#
#....))...#####.#########


You could see a +1 mace of chaos and Kazon's ghost.

Vanquished Creatures
  A two-headed ogre (D:9)
  Pikel (D:5)
  Maggie (D:8)
  The ghost of ShellytheWitch the Sneak, a novice KoBr (D:4)
  A troll (D:9)
  A hornet (D:9)
  A wyvern (D:9)
  A shadow (D:10)
  A yak (D:9)
  3 black bears
  4 orc warriors
  2 centaurs
  2 ogres
  A phantom (D:10)
  A kobold brigand (D:8)
  4 bullfrogs
  4 scorpions
  6 wights
  A howler monkey (D:9)
  A quasit (D:6)
  6 orc priests
  A gnoll bouda (D:7)
  7 hounds
  2 jellies
  Terence (D:3)
  A sleepcap (D:8)
  7 iguanas
  7 orc wizards
  8 ogre zombies (D:10)
  4 gnolls (D:7)
  7 adders
  2 white imps
  A howler monkey simulacrum (D:4)
  An ufetubus (D:6)
  2 adder simulacra (D:4)
  2 dart slugs
  4 worms
  28 orcs
  6 bats
  9 endoplasms
  2 giant cockroaches
  10 goblins
  4 hobgoblins
  2 quokkas
  4 ball pythons
  4 frilled lizards
  4 goblin zombies
  A hobgoblin skeleton (D:10)
  A hobgoblin zombie (D:6)
  8 kobolds
  A kobold skeleton (D:6)
  3 kobold zombies (D:6)
  4 orc skeletons
  15 orc zombies
  A quokka simulacrum (D:4)
  5 rats
213 creatures vanquished.

Vanquished Creatures (others)
  An orc (D:6)
1 creature vanquished.

Grand Total: 214 creatures vanquished

Notes
Turn   | Place    | Note
-------+----------+-------------------------------------------
     0 | D:1      | tychotesla the Octopode Air Elementalist began the quest
                  | for the Orb.
     0 | D:1      | Reached XP level 1. HP: 11/11 MP: 3/3
   247 | D:1      | Reached XP level 2. HP: 17/17 MP: 1/5
   814 | D:1      | Reached XP level 3. HP: 21/21 MP: 4/6
   854 | D:1      | Learned a level 2 spell: Static Discharge
  1824 | D:2      | Reached XP level 4. HP: 27/27 MP: 4/8
  1864 | D:2      | Noticed an ogre
  1906 | D:2      | Killed an ogre
  1907 | D:2      | Reached XP level 5. HP: 31/31 MP: 4/10
  2809 | D:3      | Noticed Terence
  3102 | D:3      | Killed Terence
  3103 | D:3      | Reached XP level 6. HP: 36/36 MP: 7/12
  3499 | D:4      | Found a runed translucent gate.
  3499 | D:4      | Found a runed translucent gate.
  3501 | D:4      | Found a runed translucent gate.
  3534 | D:4      | Noticed ShellytheWitch's ghost (novice KoBr)
  4030 | D:5      | Entered Level 5 of the Dungeon
  4048 | D:5      | Found an iron altar of Okawaru.
  4051 | D:5      | Noticed a black bear
  4062 | D:5      | Killed a black bear
  4063 | D:5      | Reached XP level 7. HP: 16/41 MP: 4/14
  4170 | D:5      | Found a broken altar of Ashenzari.
  4181 | D:5      | Noticed Pikel
  4249 | D:5      | Noticed a shadow
  4274 | D:5      | Reached skill level 4 in Air Magic
  4315 | D:5      | Learned a level 4 spell: Airstrike
  4340 | D:5      | Reached skill level 5 in Spellcasting
  4441 | D:5      | Became a worshipper of Ashenzari the Shackled
  4454 | D:5      | Killed Pikel
  4455 | D:5      | Reached skill level 6 in Air Magic
  4455 | D:5      | Reached XP level 8. HP: 10/46 MP: 9/16
  5396 | D:5      | Found a sacrificial altar of Ru.
  5506 | D:6      | Found Qarod's Armour Boutique.
  5569 | D:6      | Found a staircase to the Ecumenical Temple.
  5707 | D:6      | Reached skill level 7 in Air Magic
  6460 | D:6      | Reached skill level 5 in Stealth
  6685 | D:6      | Found a glowing golden altar of the Shining One.
  6817 | D:6      | Reached XP level 9. HP: 51/51 MP: 10/18
  6963 | D:6      | Reached * piety under Ashenzari
  6963 | D:6      | Identified a scroll of acquirement
  7592 | D:7      | Found a runed translucent door.
  7593 | D:7      | Found a shimmering altar of Xom.
  7593 | D:7      | Noticed Kazon's ghost (novice HOFi)
  7593 | D:7      | Noticed a +1 mace of chaos
  7645 | D:7      | Learned a level 3 spell: Swiftness
  7866 | D:7      | Found an ornate altar of the Wu Jian Council.
  7872 | D:7      | Noticed a spectral centipede
  8472 | D:8      | Noticed Maggie
  8495 | D:8      | Killed Maggie
  8496 | D:8      | Reached skill level 5 in Dodging
  8496 | D:8      | Reached skill level 8 in Air Magic
  8826 | D:8      | Reached ** piety under Ashenzari
  9142 | D:9      | Noticed a troll
  9146 | D:9      | Killed a troll
  9147 | D:9      | Reached XP level 10. HP: 49/56 MP: 6/21
  9344 | D:9      | Reached skill level 1 in Evocations
  9543 | D:9      | Found a staircase to the Lair.
  9558 | D:9      | Reached skill level 9 in Air Magic
  9706 | D:9      | Found a bloodstained altar of Trog.
  9835 | D:9      | Noticed a two-headed ogre
  9840 | D:9      | Killed a two-headed ogre
  9903 | D:10     | Entered Level 10 of the Dungeon
 10089 | D:10     | Found a staircase to the Orcish Mines.
 10611 | D:4      | Reached *** piety under Ashenzari
 10642 | D:4      | Killed ShellytheWitch's ghost
 10903 | D:7      | Slain by a +1 mace of chaos

Illustrated notes

Levels and vault maps discovered:
D:1:      lightli_arrival_farm, layout_loops_ring,
          chequers_serial_rivers_large_b, corexii_leaking_fountain,
          minmay_misc_feat_nine_boxes
D:2:      layout_basic
D:3:      layout_loops_ring, uniq_terence
D:4:      layout_cave_pools, gammafunk_ghost_icy
D:5:      layout_loops_corners, nicolae_ru_path_of_blood,
          mainiacjoe_overflow_catch_the_wave, corexii_checkpoint_a, minivault_5,
          uniq_pikel
D:6:      layout_rooms, nicolae_tso_besieged_by_evil,
          minmay_temple_entry_sparse_star, serial_shops, shop,
          lemuel_flamethrower_2
D:7:      layout_basic, pdpol_wu_jian_five_deadly_venoms, ebering_ghost_xom
D:8:      layout_rooms, kennysheep_generic_room_13, uniq_maggie
D:9:      layout_cave_pools, mainiacjoe_overflow_tiny_flanked,
          david_lair_generic
D:10:     layout_basic, mainiacjoe_overflow_24_doors,
          mainiacjoe_overflow_boulevard, zombieorc2_lemuel, minivault_13

Skill      XL: |  1  2  3  4  5  6  7  8  9 10 |
---------------+-------------------------------+-----
Conjurations   | 2 3 4 |  4.4
Spellcasting   | 3 4 5 6 7 8 |  8.9
Air Magic      | 6 7 8 9 |  9.9
Stealth        | 5 6 |  6.0
Dodging        | 6 |  6.0
Evocations     | 1 |  1.6

Action                     |  1- 3 |  4- 6 |  7- 9 | 10-12 || total
---------------------------+-------+-------+-------+-------++-------
  Melee: Unarmed           |     6 |       |       |       ||     6
         Constrict         |     2 |     1 |     5 |     3 ||    11
         Tentacles         |     1 |     2 |     6 |     6 ||    15
         Dagger            |       |     3 |    10 |    15 ||    28
   Cast: Shock             |    63 |    72 |   153 |   102 ||   390
         Static Discharge  |     1 |    15 |    16 |    10 ||    42
         Airstrike         |       |       |    56 |    25 ||    81
         Swiftness         |       |       |       |     2 ||     2
 Invoke: Curse Item        |       |       |     4 |     2 ||     6
  Evoke: Wand              |       |       |     1 |       ||     1
    Use: Potion            |       |       |     2 |     1 ||     3
   Stab: Sleeping          |     1 |       |       |       ||     1
 Armour: Skin              |     4 |     2 |    15 |    12 ||    33
  Dodge: Dodged            |     7 |     6 |    36 |    46 ||    95
